 Dungeon Crawl Stone Soup version 0.18.1-48-g4cf74bf (webtiles) character file.

24 Alarkh the Cudgeler (level 2, 0/22 HPs)
             Began as a Mummy Skald on Aug 16, 2016.
             Slain by an adder (5 damage)
             ... on level 2 of the Dungeon.
             The game lasted 00:01:08 (921 turns).

Alarkh the Cudgeler (Mummy Skald)                    Turns: 921, Time: 00:01:09

Health: 0/22       AC:  3    Str: 15    XL:     2   Next: 79%
Magic:  4/5        EV: 11    Int: 11    God:
Gold:   80         SH:  0    Dex: 11    Spells: 2 memorised, 2 levels left

rFire  x . .     SeeInvis .     a - +0 mace
rCold  + . .     Gourm    .     b - +0 leather armour
rNeg   + + +     Faith    .     (no shield)
rPois  ∞         Spirit   .     (no helmet)
rElec  .         Dismiss  .     (no cloak)
rCorr  .         Reflect  .     (no gloves)
SustAt .         Harm     .     (no boots)
MR     .....                    h - amulet of magic regeneration
Stlth  +.........               (no ring)
                                g - ring of wizardry

@: infused, not resistant to hostile enchantments, very unstealthy
A: no food or potions, fire vulnerability, cold resistance 1, negative energy
resistance 3, torment resistance, unbreathing
a: no special abilities


You were on level 2 of the Dungeon.
You were not hungry.

You visited 1 branch of the dungeon, and saw 2 of its levels.

You collected 80 gold pieces.

Inventory:

Hand Weapons
 a - a +0 mace (weapon)
Armour
 b - a +0 leather armour (worn)
Jewellery
 g - a ring of wizardry (left hand)
 h - an amulet of magic regeneration (around neck)
Scrolls
 d - a scroll of teleportation
 e - a scroll of enchant armour {unknown}
 f - a scroll of identify {unknown}
Books
 c - a book of Battle

   Spells                             Type                      Level
   a - Infusion                       Charms                       1
   b - Shroud of Golubria             Charms/Translocation         2
   c - Song of Slaying                Charms                       2
   d - Spectral Weapon                Hexes/Charms                 3
   e - Regeneration                   Charms/Necromancy            3


   Skills:
 - Level 2.0 Fighting
 + Level 2.7 Maces & Flails
 - Level 0.7 Armour
 - Level 0.7 Dodging
 - Level 2.0 Spellcasting
 - Level 2.4 Charms


You had 2 spell levels left.
You knew the following spells:

 Your Spells              Type           Power        Failure   Level  Hunger
a - Infusion              Chrm           #...         7%          1    N/A
b - Shroud of Golubria    Chrm/Tloc      #.........   14%         2    N/A

Dungeon Overview and Level Annotations

Branches:
Dungeon (2/15)

Altars:


Innate Abilities, Weirdness & Mutations

You do not eat or drink.
Your flesh is vulnerable to fire.
You are immune to poison.
Your flesh is cold resistant.
You are immune to negative energy.
You are immune to unholy pain and torment.
You can survive without breathing.


Message History

Casting: Infusion
Confirm with . or Enter, or press ? or * to list all spells.
Okay, then.
You hit the jackal.
The jackal is severely wounded.
The jackal closely misses you.
The jackal bites you but does no damage.
You closely miss the jackal.
The jackal is severely wounded.
The jackal bites you but does no damage.
You thump the jackal!
You kill the jackal!
The adder bites you.
You miss the adder. The adder bites you. x2
* * * LOW HITPOINT WARNING * * *
You are too injured to fight recklessly!
You are too injured to fight recklessly!
You miss the adder. The adder closely misses you.
You closely miss the adder. The adder barely misses you. The adder bites you.
You die...

.........'......+
#.#...####......#
#.##.## ##.....#
......# ##....#
#.###.# ##...#
### #.# ##+## #.#
#. ###
#####.#####
#......@Sh#######
#.##.†.##....$...
#.....#..######
##..†##h.#
..........#
#.###.###.## # #.
#.# #. #.# .. ..#


You could see an adder and a jackal.

Vanquished Creatures
  2 dart slugs (D:1)
  A giant gecko (D:2)
  A bat (D:2)
  A goblin (D:1)
  3 hobgoblins (D:1)
  3 jackals (D:2)
  A giant newt (D:1)
  5 kobolds
  2 rats (D:1)
19 creatures vanquished.

Notes
Turn   | Place    | Note
--------------------------------------------------------------
     0 | D:1      | Alarkh the Mummy Skald began the quest for the Orb.
     0 | D:1      | Reached XP level 1. HP: 16/16 MP: 3/3
   401 | D:1      | Reached XP level 2. HP: 13/22 MP: 0/5
   820 | D:2      | Learned a level 2 spell: Shroud of Golubria
   921 | D:2      | Slain by an adder

Skill      XL: |  1 |
---------------+----+-----
Maces & Flails | 2 |  2.7
Fighting       | |  2.0
Armour         | |  0.7
Dodging        | |  0.7
Spellcasting   | |  2.0
Charms         | |  2.4

Action                   || total
-------------------------++-------
Melee: Mace              ||    56
 Cast: Infusion          ||    10
  Use: Scroll            ||     1
 Stab: Sleeping          ||     1
Armor: Leather armour    ||    18
Dodge: Dodged            ||    40
